 Dungeon Crawl Stone Soup version 0.30-a0-1075-gcd70e7a56d (webtiles) character file.

Game seed: 5438617013854926803

1932 holysushi the Destroyer (level 8, -2/49 (52) HPs)
             Began as a Demonspawn Conjurer on Apr 15, 2023.
             Slain by Joseph
             ... wielding a +4 quarterstaff of draining
              (6 damage)
             ... on level 7 of the Dungeon.
             The game lasted 00:10:20 (6480 turns).

holysushi the Destroyer (Demonspawn Conjurer)       Turns: 6480, Time: 00:10:20

HP:   -2/49 (52)    AC: 16    Str:  7    XL:     8   Next: 97%
MP:   4/14          EV: 13    Int: 21    God:
Gold: 251           SH:  4    Dex: 13    Spells: 1/15 levels left

rFire   . . .      SeeInvis .    x - +5 short sword (protect)
rCold   . . .      Faith    .    (no shield)
rNeg    . . .      Spirit   .    a - +0 robe
rPois   .          Reflect  .    (no helmet)
rElec   .          Rampage  .    D - scarf {repulsion}
rCorr   .                        l - +0 pair of gloves
Will    .....                    (no boots)
Stlth   ++                       (no amulet)
HPRegen 0.28/turn                (no ring)
MPRegen 0.14/turn                (no ring)

@: sanguine armoured, under a protective aura, drained, repel missiles
A: powered by death 2, sanguine armour 1, condensation shield
a: no special abilities


You were on level 7 of the Dungeon.
You visited 1 branch of the dungeon, and saw 7 of its levels.

You collected 251 gold pieces.

Inventory:

Hand Weapons
 g - a +1 dagger of electrocution
 x - a +5 short sword of protection (weapon)
 A - a +5 heavy glaive
Armour
 a - a +0 robe (worn)
 l - a +0 pair of gloves (worn)
 u - a scarf of invisibility
 D - a scarf of repulsion (worn)
Jewellery
 C - a ring of poison resistance
Wands
 r - a wand of mindburst (6)
 v - a wand of roots (24)
 B - a wand of polymorph (2)
Scrolls
 c - a scroll of blinking {unknown}
 d - 2 scrolls of teleportation {unknown}
 e - 3 scrolls of identify {unknown}
 i - 2 scrolls of brand weapon {unknown}
 n - 2 scrolls of enchant armour {unknown}
 p - 3 scrolls of fear {unknown}
 s - a scroll of magic mapping {unknown}
 w - a scroll of immolation {unknown}
 y - 3 scrolls of fog {unknown}
 z - a scroll of poison {unknown}
Potions
 b - a potion of magic
 f - 2 potions of haste {unknown}
 h - a potion of berserk rage {unknown}
 j - 2 potions of attraction {unknown}
 k - 2 potions of heal wounds {unknown}
 m - 4 potions of curing {unknown}
 o - 2 potions of lignification {unknown}
 q - 2 potions of cancellation {unknown}
 t - a potion of mutation {unknown}


   Skills:
 - Level 2.0 Short Blades
 - Level 5.0 Dodging
 - Level 2.0 Stealth
 - Level 4.0 Spellcasting
 + Level 10.2 Conjurations


You had one spell level left.
You knew the following spells:

 Your Spells              Type           Power      Damage    Failure   Level
a - Magic Dart            Conj           100%       1d8       1%          1
b - Searing Ray           Conj           94%        2d7       1%          2
c - Iskenderun's Mystic   Conj/Tloc      25%        2d7       14%         4
d - Fulminant Prism       Conj/Hex       12%        3d9       14%         4
e - Dazzling Flash        Conj/Hex       50%        N/A       4%          3

Your spell library contained the following spells:

 Spells                   Type           Power      Damage    Failure   Level


Dungeon Overview and Level Annotations

Branches:
Dungeon (7/15) Zot: 26815  Temple (0/1) D:7

Altars:
Fedhas
Hepliaklqana
Okawaru
Vehumet
Wu Jian

Shops:
D:4 :

Annotations:
D:7 Joseph


Innate Abilities, Weirdness & Mutations

You regenerate health from kills.
When seriously injured, your blood forms armour. (AC +6)
A meltable shield of frost defends you. (SH +4)


Message History

Press: ? - help, Dir - move target You conjure a prism of explosive energy!
A fulminant prism comes into view.
Joseph shoots a sling bullet.
The sling bullet barely misses you.
Joseph shoots a sling bullet.
The sling bullet barely misses you.
Your fulminant prism crackles loudly.
Your fulminant prism explodes!
The blast of energy engulfs Joseph!
Joseph is severely wounded.
Something shouts, "Scamper hence, thou feeble elf-skinned pustule!"
You hear an angry buzzing noise. x3; You hear a bark!
You hear a shout!
You hear an angry hiss.
Casting: Fulminant Prism (quite dangerous; 14% risk of failure)
Confirm with . or Enter, or press ? or * to list all spells.
You don't have enough magic to cast this spell.
Joseph is nearby!
You hit Joseph.
Your weapon exudes an aura of protection.
Joseph is severely wounded.
Joseph unwields a +0 sling.
Joseph wields a +4 quarterstaff of draining.
You sense an unholy aura.
Joseph hits you with a +4 quarterstaff of draining.
You feel drained.
You hit Joseph but do no damage.
Joseph is severely wounded.
You barely miss Joseph.
Joseph is severely wounded.
Joseph hits you with a +4 quarterstaff of draining!
* * * LOW HITPOINT WARNING * * *
You feel drained.
* * * LOW HITPOINT WARNING * * *
An ogre comes into view. It is wielding a +0 giant club.
Aiming: Fastroot
Press: ? - help, Shift-Dir - straight line The roots erupt in riotous growth!
Roots grab Joseph.
The grasping roots constrict Joseph.
Joseph hits you with a +4 quarterstaff of draining.
You die...

.... ... ..<# ..
# #$...O. ).. #.
##.....#.... ..
.^.#..#.... #.
..#.......
#.##.........
#..).#...<...
.?##.##@#.......
........@.......
..##............
................
..#.#.#.#.#.....
................
..#.......#.....
............#...
.#...>.).# #...


You could see Joseph (rooted) and an ogre.

Vanquished Creatures
  Maggie (D:6)
  Grinder (D:5)
  Eustachio (D:6)
  Duvessa (D:5)
  A water moccasin (D:6)
  A black bear (D:4)
  An ice beast (D:4)
  An ogre (D:6)
  A centaur (D:6)
  Blork the orc (D:6)
  5 scorpions
  Dowan (D:5)
  An orc priest (D:6)
  4 iguanas
  4 orc wizards (D:6)
  6 adders
  2 shadow imps
  An ufetubus (D:6)
  2 worms (D:2)
  2 dart slugs
  6 orcs
  5 bats
  8 endoplasms
  3 giant cockroaches
  3 goblins
  2 hobgoblins
  2 jackals (D:5)
  4 quokkas
  9 ball pythons
  3 frilled lizards
  6 kobolds
  5 rats
94 creatures vanquished.

Vanquished Creatures (others)
  3 fulminant prisms (D:7)
3 creatures vanquished.

Grand Total: 97 creatures vanquished

Notes
Turn   | Place    | Note
-------+----------+-------------------------------------------
     0 | D:1      | holysushi the Demonspawn Conjurer began the quest for the
                  | Orb.
     0 | D:1      | Reached XP level 1. HP: 13/13 MP: 3/3
   224 | D:1      | Gained mutation: You regenerate a little health from kills.
                  | [demonic ancestry]
   224 | D:1      | Reached XP level 2. HP: 19/19 MP: 1/5
  1059 | D:1      | Learned a level 2 spell: Searing Ray
  1303 | D:2      | Gained mutation: When seriously injured, your blood forms
                  | armour. (AC +6) [demonic ancestry]
  1303 | D:2      | Reached XP level 3. HP: 24/24 MP: 4/7
  2066 | D:2      | Found a radiant altar of Vehumet.
  2455 | D:3      | Found an ornate altar of the Wu Jian Council.
  2658 | D:3      | Reached XP level 4. HP: 27/30 MP: 2/10
  2954 | D:3      | Found a hazy altar of Hepliaklqana.
  3180 | D:3      | Found an iron altar of Okawaru.
  3250 | D:4      | Found Goan Qee's Book Shop.
  3620 | D:4      | Noticed a black bear
  3625 | D:4      | Killed a black bear
  3626 | D:4      | Reached skill level 5 in Conjurations
  3626 | D:4      | Gained mutation: A meltable shield of frost defends you.
                  | (SH +4) [demonic ancestry]
  3626 | D:4      | Reached XP level 5. HP: 35/35 MP: 5/11
  3855 | D:4      | Noticed an ice beast
  3866 | D:4      | Killed an ice beast
  3867 | D:4      | Reached skill level 6 in Conjurations
  3867 | D:4      | Reached XP level 6. HP: 18/41 MP: 0/12
  4016 | D:5      | Entered Level 5 of the Dungeon
  4131 | D:5      | Noticed Grinder
  4145 | D:5      | Paralysed by Grinder for 2 turns
  4148 | D:5      | Killed Grinder
  4149 | D:5      | Reached skill level 7 in Conjurations
  4149 | D:5      | Reached XP level 7. HP: 37/46 MP: 1/13
  4645 | D:5      | Reached skill level 1 in Short Blades
  4721 | D:5      | Found a blossoming altar of Fedhas.
  4723 | D:5      | Noticed Duvessa
  4724 | D:5      | Noticed Dowan
  4741 | D:5      | Killed Duvessa
  4863 | D:5      | Killed Dowan
  5282 | D:6      | Reached skill level 5 in Dodging
  5286 | D:6      | Learned a level 3 spell: Dazzling Flash
  5291 | D:6      | Learned a level 4 spell: Fulminant Prism
  5296 | D:6      | Learned a level 4 spell: Iskenderun's Mystic Blast
  5347 | D:6      | Gained mutation: You regenerate health from kills. [demonic
                  | ancestry]
  5347 | D:6      | Reached XP level 8. HP: 33/52 MP: 14/14
  5423 | D:6      | Noticed Blork the orc
  5428 | D:6      | Killed Blork the orc
  5479 | D:6      | Reached skill level 8 in Conjurations
  5518 | D:6      | Noticed Maggie
  5526 | D:6      | Killed Maggie
  5527 | D:6      | Reached skill level 9 in Conjurations
  5653 | D:6      | Noticed Eustachio
  5713 | D:6      | Killed Eustachio
  5939 | D:6      | Reached skill level 10 in Conjurations
  6302 | D:7      | Found a staircase to the Ecumenical Temple.
  6313 | D:7      | Noticed Joseph
  6480 | D:7      | Slain by Joseph

Illustrated notes

Levels and vault maps discovered:
D:1:      lightli_arrival_chessboard, layout_basic
D:2:      layout_loops_ring, basic_altar
D:3:      layout_basic, nicolae_overflow_hidden_temple,
          gammafunk_temple_overflow_forgotten, mainiacjoe_overflow_alcove_2
D:4:      layout_basic, nicolae_overflow_crystal_walls, serial_shops,
          nicolae_shop_crystal
D:5:      layout_loops_ring, mainiacjoe_overflow_concentric_impassable,
          corexii_item_surrounded_by_moat, feat_on_display, uniq_grinder,
          uniq_duvessa
D:6:      layout_basic, uniq_eustachio, uniq_blork_the_orc, uniq_maggie
D:7:      layout_cave_pools, grunt_qazlal_clouds, minmay_temple_entry_glass,
          serial_shops, nicolae_shop_trees, serial_gnoll_camp,
          gnoll_camp_huts_basic, gnoll_camp_mini_sergeant,
          gnoll_camp_mini_loothouse, gnoll_camp_mini_basic,
          gnoll_camp_mini_shop, gnoll_camp_mini_hut, kennysheep_generic_room_4,
          uniq_joseph

Skill      XL: |  1  2  3  4  5  6  7  8 |
---------------+-------------------------+-----
Spellcasting   | 3 4 |  4.0
Conjurations   | 5 6 7 10 | 10.2
Dodging        | 3 5 |  5.0
Stealth        | 2 |  2.0
Short Blades   | 2 |  2.0

Action                     |  1- 3 |  4- 6 |  7- 9 || total
---------------------------+-------+-------+-------++-------
  Melee: Unarmed           |     4 |       |     3 ||     7
         Dagger            |    14 |    20 |    26 ||    60
         Short sword       |       |       |    85 ||    85
         Glaive            |       |       |     7 ||     7
   Cast: Magic Dart        |    56 |    24 |    14 ||    94
         Searing Ray       |     9 |    13 |     6 ||    28
         Fulminant Prism   |       |       |     3 ||     3
  Evoke: Wand              |       |       |    19 ||    19
   Stab: Sleeping          |       |     1 |     4 ||     5
         Distracted        |       |       |     1 ||     1
 Armour: Robe              |     1 |     4 |    44 ||    49
         Skin              |       |       |     2 ||     2
  Dodge: Dodged            |     8 |    16 |    91 ||   115
  Block: Other             |       |     3 |    19 ||    22

Table legend: (Time is in decaauts)
 A = Elapsed time spent in this place.
 B = Non-inter-level travel time spent in this place.
 C = Inter-level travel time spent in this place.
 D = Time resting spent in this place.
 E = Time spent auto-exploring this place.
 F = Levels seen in this place.
 G = Mean time per level.
                   A        B        C        D        E       F      G
               +--------+--------+--------+--------+--------+-----+--------+
         Total |   6483 |   6367 |    116 |   1545 |   3716 |   7 |  926.1 |
       Dungeon |   6483 |   6367 |    116 |   1545 |   3716 |   7 |  926.1 |
               +--------+--------+--------+--------+--------+-----+--------+

Top non-repeatable levels by time:
     D:6: 1259 daAuts
     D:1: 1211 daAuts
     D:5: 1173 daAuts
     D:2: 1073 daAuts
     D:3: 915 daAuts
     D:4: 813 daAuts
     D:7: 35 daAuts
